AoeStats
← Dead"Facil te carreo"Rabbit

Oasis

509263387Analyzed
3v3 RM · 7d ago on Sep 26, 2026· 83m 23s· 6 players
Game mode
Random Map
Map size
Normal (6 player)
Population
200
Speed
Normal
Resources
Standard
Victory
Conquest
Starting age
Dark Age
Ending age
Imperial Age
RankedLock teamsTeams togetherTeam positionsShared explorationLock speedFull tech treeHidden civsTurbo modeCheats
Victory
Defeat
🇨🇱 Burgundians · Chile
1339
+10
🇨🇱 Portuguese · Chile
1058
+22
989
+25
🇨🇦 Varangians · Canada
1212
-20
🇵🇦 Mongols · Panama
1186
-19
🇵🇦 Magyars · Panama
1158
-18
Dead"Facil te carreo"Rabbit
8:25 Loom
11:01 Feudal Age
17:53 Scale Barding Armor
22:15 Castle Age
21:12 Double-Bit Axe
23:44 Gold Mining
25:03 Chain Barding Armor
24:48 Husbandry
28:36 Bloodlines
30:18 Horse Collar
36:14 Fletching
37:11 Gold Shaft Mining
49:10 Imperial Age
47:43 Stone Mining
50:06 Bow Saw
53:23 Conscription
53:43 Elite Magyar Huszar
54:59 Cavalier
55:55 Bodkin Arrow
57:10 Plate Barding Armor
56:58 Corvinian Army
60:39 Ballistics
60:27 Caravan
65:41 Bracer
67:32 Light Cavalry
71:25 Hussar
72:17 Heavy Plow
75:53 Spies/Treason
GdN_Tio Roma
9:16 Loom
11:02 Feudal Age
23:34 Castle Age
23:19 Wheelbarrow
24:20 Husbandry
41:55 Town Watch
42:49 Gold Mining
47:00 Double-Bit Axe
48:17 Pikeman
50:50 Bloodlines
53:52 Forging
53:48 Scale Barding Armor
57:45 Imperial Age
55:21 Light Cavalry
59:08 Iron Casting
58:53 Chain Barding Armor
59:24 Fervor
59:47 Conscription
61:41 Plate Barding Armor
61:26 Fletching
63:29 Elite Organ Gun
67:09 Arquebus
67:43 Bodkin Arrow
67:48 Padded Archer Armor
Jhasper con manos
3:30 Double-Bit Axe
8:52 Feudal Age
9:32 Loom
10:54 Bow Saw
11:22 Horse Collar
18:52 Castle Age
17:23 Heavy Plow
18:16 Scale Barding Armor
18:10 Gold Mining
19:41 Forging
19:25 Light Cavalry
20:23 Husbandry
21:35 Wheelbarrow
24:32 Hand Cart
25:33 Crop Rotation
29:51 Imperial Age
30:08 Two-Man Saw
28:31 Cavalier
29:36 Chain Barding Armor
29:52 Iron Casting
29:55 Paladin
31:53 Chemistry
32:13 Plate Barding Armor
32:31 Sappers
34:04 Conscription
33:53 Padded Archer Armor
38:21 Burgundian Vineyards
42:07 Blast Furnace
41:23 Leather Archer Armor
42:02 Hoardings
43:54 Fletching
44:46 Masonry
47:37 Scale Mail Armor
47:39 Squires
47:24 Arson
51:16 Hussar
63:31 Chain Mail Armor
63:38 Ballistics
65:57 Stone Mining
Chitreano
7:06 Loom
10:03 Feudal Age
16:48 Double-Bit Axe
24:26 Castle Age
22:24 Horse Collar
25:32 Heavy Plow
25:24 Gold Mining
27:30 Wheelbarrow
26:40 Town Watch
27:59 Husbandry
28:07 Scale Barding Armor
28:34 Bow Saw
30:55 Stone Mining
32:15 Chain Barding Armor
36:10 Masonry
36:01 Murder Holes
39:56 Imperial Age
38:15 Hand Cart
38:01 Town Patrol
38:29 Bloodlines
40:38 Capped Ram
52:39 Pikeman
54:55 Scale Mail Armor
OnlyFarms
9:45 Feudal Age
11:33 Loom
15:51 Double-Bit Axe
17:15 Fletching
24:22 Castle Age
22:07 Horse Collar
22:27 Gold Mining
24:52 Crossbowman
25:30 Bodkin Arrow
25:56 Bow Saw
36:06 Imperial Age
34:08 Heavy Plow
36:12 Ballistics
37:23 Bracer
37:32 Thumb Ring
37:13 Capped Ram
43:04 Chemistry
42:07 Padded Archer Armor
47:25 Siege Ram
53:34 Masonry
54:59 Husbandry
55:09 Bloodlines
TrueDisplay
11:31 Feudal Age
15:34 Castle Age
13:21 Double-Bit Axe
13:29 Horse Collar
14:53 Gold Mining
15:07 Scale Mail Armor
15:42 Forging
19:19 Loom
23:32 Squires
23:20 Arson
24:23 Chain Mail Armor
28:48 Stone Mining
29:45 Iron Casting
37:54 Imperial Age
36:28 Wheelbarrow
37:23 Pikeman
37:50 Gambesons
37:55 Elite Varangian Guard
39:17 Plate Mail Armor
39:48 Blast Furnace
38:12 Gothikon
38:42 Halberdier
40:19 Bow Saw
40:12 Heavy Plow
43:20 Hand Cart
47:37 Town Watch
54:13 Stone Shaft Mining
55:23 Town Patrol
58:15 Fletching
58:25 Padded Archer Armor
58:16 Elite Skirmisher
59:20 Ballistics
60:00 Chemistry
58:59 Bodkin Arrow
59:05 Bodkin Arrow
59:49 Bracer
60:05 Leather Archer Armor
62:05 Ring Archer Armor
Connection lost

Rejoining the realm…

Still unreachable

The connection could not be restored.

Session expired

The server has moved on; the page needs a fresh start.